 Dungeon Crawl Stone Soup version 0.21.0-25-ge575cb9 (webtiles) character file.

552 Inarius the Chiller (level 7, 52/52 HPs)
             Began as a Red Draconian Ice Elementalist on Jan 26, 2018.
             Got out of the dungeon alive.
             The game lasted 00:08:46 (3375 turns).

Inarius the Chiller (DrIE)                          Turns: 3375, Time: 00:08:47

Health: 52/52      AC:  6    Str: 10    XL:     7   Next: 8%
Magic:  12/12      EV: 12    Int: 17    God:
Gold:   98         SH:  0    Dex: 12    Spells: 4/12 levels left

rFire    + . .     SeeInvis +   e - +0 short sword
rCold    . . .     Gourm    .   (no shield)
rNeg     . . .     Faith    .   (armour unavailable)
rPois    .         Spirit   .   (helmet restricted)
rElec    .         Reflect  .   (no cloak)
rCorr    .         Harm     .   (no gloves)
MR       .....                  (no boots)
Stlth    ++........             (no amulet)
HPRegen  0.17/turn              h - ring of see invisible
MPRegen  0.13/turn              (no ring)

@: no status effects
A: breathe fire, unfitting armour, fire resistance 1, cold-blooded, AC +6
a: Breathe Fire


You escaped.
You were not hungry.

You visited 1 branch of the dungeon, and saw 4 of its levels.

You collected 98 gold pieces.

Inventory:

Hand Weapons
 e - a +0 short sword (weapon)
Jewellery
 g - an uncursed amulet of guardian spirit {unknown}
 h - a ring of see invisible (left hand)
Scrolls
 d - 3 scrolls of fear {unknown}
 i - a scroll of random uselessness {unknown}
 j - a scroll of remove curse {unknown}
 k - 2 scrolls of teleportation {unknown}
 l - a scroll of amnesia {unknown}
 o - a scroll of immolation {unknown}
Potions
 c - a potion of lignification
 f - a potion of invisibility
 m - a potion of mutation
 n - a potion of curing
 p - a potion of cancellation {unknown}
 r - a potion of flight {unknown}
Books
 a - a book of Frost

   Spells                             Type                      Level
   a - Freeze                         Ice                          1
   b - Throw Frost                    Conjuration/Ice              2
   c - Ozocubu's Armour               Charms/Ice                   3
   d - Throw Icicle                   Conjuration/Ice              4
   e - Summon Ice Beast               Ice/Summoning                4
Comestibles
 b - 4 rations
 q - 6 chunks of flesh


   Skills:
 + Level 1.2 Fighting
 - Level 0.1 Short Blades
 + Level 2.5 Dodging
 - Level 1.7 Stealth
 - Level 3.4 Spellcasting
 + Level 1.2 Conjurations
 * Level 5.7 Ice Magic


You had 4 spell levels left.
You knew the following spells:

 Your Spells              Type           Power        Failure   Level  Hunger
a - Freeze                Ice            ###.         1%          1    None
b - Ozocubu's Armour      Chrm/Ice       ##......     16%         3    ###....
c - Throw Icicle          Conj/Ice       ##......     36%         4    ####...


Dungeon Overview and Level Annotations

Branches:
Dungeon (4/15)
 Temple: D:4-7

Altars:
Cheibriados


Innate Abilities, Weirdness & Mutations

You can breathe blasts of fire.
Your fiery red scales are hard. (AC +6)
You cannot fit into any form of body armour.
Your flesh is heat resistant. (rF+)
You are cold-blooded and may be slowed by cold attacks.


Message History

No target in view!
(D) Dungeon
Where to? (Enter - D:3, ? - help)
What level of the Dungeon? (default 1, ? - help) Eating one of 8 chunks of flesh.
You eat one of the 8 chunks of flesh.
This raw flesh tastes terrible.
Things that are here:
a leather armour; a war axe
There is a stone staircase leading up here.
You climb upwards.
There is a stone staircase leading down here.
There is a stone staircase leading up here.
You climb upwards.
There is a stone staircase leading down here.
Some of the chunks of flesh in your inventory have rotted away.
Things that are here:
2 stones; a club
There is a staircase leading out of the dungeon here.
Are you sure you want to leave the Dungeon?
This will make you lose the game!
You have escaped!

###.##.....................#.# #
....##..........##.........#.####
....###.........##.........#....'
.........##............##.....###
###......##............##.....# #
###..........................(###
...............................##
#.....##.........>........##...#
......##........@.........##...##
.................................
.................................
...#.....##............##........
...#.....##............##........
(...............##.........###...
..####..........##.........# #...
..# #.....................# #...
### #.########...########## #...


There were no monsters in sight!

Vanquished Creatures
  2 centaurs
  4 orc priests
  An orc wizard (D:3)
  An iguana (D:4)
  Natasha (thrice) (D:2)
  6 adders
  An ooze (D:2)
  4 dart slugs
  4 leopard geckos
  14 orcs
  8 bats
  A giant cockroach (D:1)
  8 goblins
  6 hobgoblins
  8 kobolds
  A quokka (D:3)
  A ball python (D:1)
  6 frilled lizards
  8 rats
87 creatures vanquished.

Notes
Turn   | Place    | Note
-------+----------+-------------------------------------------
     0 | D:1      | Inarius the Draconian Ice Elementalist began the quest for the Orb.
     0 | D:1      | Reached XP level 1. HP: 14/14 MP: 3/3
   194 | D:1      | Reached XP level 2. HP: 20/20 MP: 3/5
   506 | D:1      | Reached skill level 4 in Ice Magic
   575 | D:1      | Reached XP level 3. HP: 25/26 MP: 6/6
   580 | D:1      | Learned a level 3 spell: Ozocubu's Armour
   908 | D:2      | Noticed Natasha
   914 | D:2      | Killed Natasha
   997 | D:2      | Reached XP level 4. HP: 33/33 MP: 3/7
  1153 | D:2      | Noticed a centaur
  1158 | D:2      | Killed a centaur
  1158 | D:2      | Reached skill level 5 in Ice Magic
  1158 | D:2      | Reached XP level 5. HP: 30/39 MP: 3/9
  1232 | D:2      | Learned a level 4 spell: Throw Icicle
  1261 | D:2      | Noticed Natasha
  1276 | D:2      | Killed Natasha
  1403 | D:2      | Noticed Natasha
  1415 | D:2      | Killed Natasha
  1628 | D:2      | Reached skill level 1 in Fighting
  2150 | D:3      | Found a snail-covered altar of Cheibriados.
  2289 | D:3      | Reached XP level 6. HP: 28/47 MP: 6/10
  2540 | D:3      | Reached skill level 6 in Ice Magic
  3256 | D:4      | Your scales start taking on a fiery red colour.
  3256 | D:4      | Reduced skill Ice Magic to level 5
  3256 | D:4      | Reached XP level 7. HP: 52/52 MP: 8/12
  3256 | D:4      | Gained mutation: Your flesh is heat resistant. (rF+) [Red Draconian growth]
  3375 | D:$      | Got out of the dungeon alive.

Skill      XL: |  1  2  3  4  5  6 |
---------------+-------------------+-----
Ice Magic      | 4 5 5 |  5.7
Dodging        | 2 |  2.5
Spellcasting   | 3 |  3.4
Fighting       | 1 |  1.2
Short Blades   | |  0.1
Stealth        | |  1.7
Conjurations   | |  1.2

Action                   |  1- 3 |  4- 6 |  7- 9 || total
-------------------------+-------+-------+-------++-------
Melee: Unarmed           |     3 |     7 |       ||    10
       Short sword       |    17 |   152 |     6 ||   175
       Tailslap          |     1 |    12 |       ||    13
 Cast: Freeze            |    32 |    62 |     1 ||    95
       Ozocubu's Armour  |       |     3 |       ||     3
       Throw Icicle      |       |     4 |       ||     4
  Use: Scroll            |       |     5 |       ||     5
 Stab: Sleeping          |     3 |     1 |       ||     4
  Eat: Chunk             |       |     9 |     1 ||    10
Armor: Skin              |    10 |    67 |     2 ||    79
Dodge: Dodged            |    28 |   140 |     7 ||   175
